 Dungeon Crawl Stone Soup version 0.31-a0-1424-g2add1c7226 (webtiles) character file.

Game seed: 2180200606986896088

240 jlumianski the Ruffian (level 6, -11/47 HPs)
             Began as a Gnoll Shapeshifter on Dec 27, 2023.
             Mangled by Sundig's ghost (17 damage)
             ... on level 4 of the Dungeon.
             The game lasted 00:09:30 (2415 turns).

jlumianski the Ruffian (Gnoll Shapeshifter)         Turns: 2415, Time: 00:09:30

Health: -11/47     AC:  5    Str: 21    XL:     6   Next: 8%
Magic:  8/8        EV: 12    Int:  9    God:
Gold:   165        SH:  0    Dex: 12    Spells: 8/8 levels left

rFire   . . .        s - +6 sling of Destiny {drain, Fly Str+6}
rCold   . . .        (no shield)
rNeg    . . .        h - +0 ring mail
rPois   .            (helmet currently unavailable)
rElec   .            (cloak currently unavailable)
rCorr   .            (gloves currently unavailable)
SInv    .            (boots currently unavailable)
Will    .....        (no amulet)
Stlth   +            z - +4 ring of slaying
HPRegen 0.27/turn    (no ring)
MPRegen 0.11/turn

%: no passive effects
@: beast-form, flying
A: beast (slay +3), fangs 1, strong nose, distributed training
a: Begin Untransformation


You were on level 4 of the Dungeon.
You were a hulking beast.
You visited 1 branch of the dungeon, and saw 4 of its levels.

You collected 165 gold pieces.

Inventory:

Hand Weapons
 i - a +0 rapier
 s - the +6 sling of Destiny (weapon) {drain, Fly Str+6}
   (You found it on level 2 of the Dungeon)

   Str+6:     It affects your strength (+6).
   Fly:       It grants you flight.
Missiles
 e - 9 poisoned darts
 l - 4 boomerangs
 m - 2 atropa-tipped darts
Armour
 a - a +0 animal skin
 h - a +0 ring mail (worn)
 t - a +0 helmet
 w - a +0 pair of gloves
Jewellery
 z - a +4 ring of slaying (left hand)
Talismans
 c - a beast talisman
 d - a flux talisman
Wands
 o - a wand of mindburst (8)
 A - a wand of roots (11)
Scrolls
 g - 2 scrolls of noise
 k - 2 scrolls of teleportation
 p - a scroll of enchant armour
 r - a scroll of enchant weapon
 v - a scroll of vulnerability
 x - a scroll of blinking
 y - a scroll of amnesia
Potions
 b - a potion of lignification
 f - a potion of invisibility
 j - a potion of curing
 n - 2 potions of brilliance
 q - a potion of heal wounds
 u - a potion of haste


   Skills:
 + Level 3.2 Fighting
 + Level 1.8 Short Blades
 + Level 1.8 Long Blades
 + Level 1.8 Axes
 + Level 1.8 Maces & Flails
 + Level 1.8 Polearms
 + Level 1.8 Staves
 + Level 1.8 Ranged Weapons
 + Level 1.8 Throwing
 + Level 1.8 Armour
 + Level 4.9 Dodging
 + Level 1.8 Stealth
 + Level 1.8 Shields
 + Level 6.8 Unarmed Combat
 + Level 1.8 Spellcasting
 + Level 1.4 Conjurations
 + Level 1.4 Hexes
 + Level 1.4 Summonings
 + Level 1.4 Necromancy
 + Level 1.4 Translocations
 + Level 1.4 Fire Magic
 + Level 1.4 Ice Magic
 + Level 1.4 Air Magic
 + Level 1.4 Earth Magic
 + Level 1.4 Alchemy
 + Level 2.0 Invocations
 + Level 1.8 Evocations
 + Level 6.7 Shapeshifting


You had 8 spell levels left.
You didn't know any spells.
Your spell library contained the following spells:

 Spells                   Type           Power      Damage    Failure   Level
 Vhi's Electric Charge    Tloc/Air       6%         N/A       96%         4
 Arcjolt                  Conj/Air       1%         1d11      100%        5
 Maxwell's Capacitive Co  Air            1%         ∞         100%        8


Dungeon Overview and Level Annotations

Branches:
Dungeon (4/15)
 Temple: D:4-7

Altars:
Yredelemnul

Annotations:
D:4 Sundig's ghost, amateur OnFi


Innate Abilities, Weirdness & Mutations

You are a hulking beast.
Your limbs bulge with bestial killing power. (Slay +3)
You have very sharp teeth.
Your uncanny sense of smell can sniff out nearby items.
Your experience applies equally to all skills.


Message History

You shoot a sling bullet. The sling bullet hits the kobold!
You kill the kobold!
Items here: ( ) ††.
Okay, then.
Unknown command.
HP restored.
Found a runed translucent door.
A scorpion comes into view.
The scorpion stings you but does no damage.
You shoot a sling bullet.
The sling bullet closely misses the scorpion.
The scorpion barely misses you. The scorpion misses you.
You shoot a sling bullet. The sling bullet hits the scorpion!
The scorpion is severely wounded.
The scorpion misses you.
You shoot a sling bullet. The sling bullet hits the scorpion.
The scorpion is almost dead.
The scorpion stings you. The scorpion barely misses you.
You shoot a sling bullet. The sling bullet hits the scorpion!
You kill the scorpion!
Your Invocations skill increases to level 2!
You have reached level 6!
Found a hand axe.
Sundig's ghost turns its malevolent gaze towards you.
Found a scroll of teleportation and a potion of invisibility.
A - a wand of roots (11)
You reach down and open the door.
You shoot a sling bullet. The sling bullet misses Sundig's ghost.
Sundig's ghost hits you! Sundig's ghost hits you.
You shoot a sling bullet. The sling bullet hits Sundig's ghost!
Sundig's ghost is lightly damaged.
Sundig's ghost hits you!
You shoot a sling bullet. The sling bullet hits Sundig's ghost!
Sundig's ghost is moderately damaged.
Sundig's ghost hits you!
* * * LOW HITPOINT WARNING * * *
Sundig's ghost barely misses you.
You shoot a sling bullet. The sling bullet misses Sundig's ghost.
Sundig's ghost hits you!
You die...

.. .. ........ #......
#..#. #.##.#.########.
###..#.##.##.#..........
...............######..#
...............#........
.###...........#.####.##
##⌠##..........#)# #.#
#...##.........#.####.##
..?..##h.......#.#......
..♣...W....#.###........
..!..##........#.#......
#...##.....###.#.#......
##⌠##..........#.##'##.#
.###...##..##...........
......# #..##.#####.#..#
...... ...... #..#..# ##
#.#. .......


You could see Sundig's ghost.

Vanquished Creatures
  A scorpion (D:4)
  A hound (D:4)
  An iguana (D:4)
  A scorpion zombie (D:3)
  A howler monkey zombie (D:3)
  3 adders
  3 dart slugs
  6 endoplasms
  5 giant cockroaches
  3 goblins
  3 hobgoblins
  9 kobolds
  4 quokkas (D:1)
  4 ball pythons
  5 bats
  2 frilled lizards
  6 rats
58 creatures vanquished.

Notes
Turn   | Place    | Note
-------+----------+-------------------------------------------
     0 | D:1      | jlumianski the Gnoll Shapeshifter began the quest for the
                  | Orb.
     0 | D:1      | Reached XP level 1. HP: 17/17 MP: 1/1
    19 | D:1      | Reached XP level 2. HP: 17/23 MP: 2/2
   351 | D:1      | Reached XP level 3. HP: 28/28 MP: 3/3
   475 | D:1      | Reached skill level 1 in Invocations
   825 | D:2      | Reached skill level 1 in Short Blades
   825 | D:2      | Reached skill level 1 in Long Blades
   825 | D:2      | Reached skill level 1 in Axes
   825 | D:2      | Reached skill level 1 in Maces & Flails
   825 | D:2      | Reached skill level 1 in Polearms
   825 | D:2      | Reached skill level 1 in Staves
   825 | D:2      | Reached skill level 1 in Ranged Weapons
   825 | D:2      | Reached skill level 1 in Throwing
   825 | D:2      | Reached skill level 1 in Armour
   825 | D:2      | Reached skill level 1 in Stealth
   825 | D:2      | Reached skill level 1 in Shields
   825 | D:2      | Reached skill level 1 in Spellcasting
   825 | D:2      | Reached skill level 1 in Evocations
  1083 | D:2      | Reached XP level 4. HP: 34/34 MP: 5/5
  1084 | D:2      | Identified the +6 sling of Destiny {drain, Fly Str+6}
  1682 | D:3      | Reached skill level 1 in Conjurations
  1682 | D:3      | Reached skill level 1 in Hexes
  1682 | D:3      | Reached skill level 1 in Summonings
  1682 | D:3      | Reached skill level 1 in Necromancy
  1682 | D:3      | Reached skill level 1 in Translocations
  1682 | D:3      | Reached skill level 1 in Fire Magic
  1682 | D:3      | Reached skill level 1 in Ice Magic
  1682 | D:3      | Reached skill level 1 in Air Magic
  1682 | D:3      | Reached skill level 1 in Earth Magic
  1682 | D:3      | Reached skill level 1 in Alchemy
  1793 | D:3      | Found a basalt altar of Yredelemnul.
  1946 | D:3      | Reached XP level 5. HP: 40/40 MP: 7/7
  2389 | D:4      | Found a runed translucent door.
  2401 | D:4      | Reached XP level 6. HP: 46/47 MP: 8/8
  2402 | D:4      | Noticed Sundig's ghost (amateur OnFi)
  2415 | D:4      | Mangled by Sundig's ghost

Illustrated notes

Levels and vault maps discovered:
D:1:      minmay_arrival_plants_in_alcoves, layout_basic
D:2:      layout_basic
D:3:      layout_basic, lemuel_zombie_altar_yredelemnul
D:4:      layout_basic, hellmonk_ghost_happy_afterlife, hangedman_glass_teeth,
          minmay_shop_enchanted_jewellery

Skill      XL: |  1  2  3  4  5 |
---------------+----------------+-----
Invocations    | 1 2 |  2.0
Short Blades   | 1 |  1.8
Long Blades    | 1 |  1.8
Axes           | 1 |  1.8
Maces & Flails | 1 |  1.8
Polearms       | 1 |  1.8
Staves         | 1 |  1.8
Ranged Weapons | 1 |  1.8
Throwing       | 1 |  1.8
Armour         | 1 |  1.8
Stealth        | 1 |  1.8
Shields        | 1 |  1.8
Spellcasting   | 1 |  1.8
Evocations     | 1 |  1.8
Conjurations   | 1 |  1.4
Hexes          | 1 |  1.4
Summonings     | 1 |  1.4
Necromancy     | 1 |  1.4
Translocations | 1 |  1.4
Fire Magic     | 1 |  1.4
Ice Magic      | 1 |  1.4
Air Magic      | 1 |  1.4
Earth Magic    | 1 |  1.4
Alchemy        | 1 |  1.4
Fighting       | 3 |  3.2
Dodging        | |  4.9
Unarmed Combat | |  6.8
Shapeshifting  | |  6.7

Action                     |  1- 3 |  4- 6 || total
---------------------------+-------+-------++-------
  Melee: Unarmed           |    74 |       ||    74
         Punch             |     3 |       ||     3
         Bite              |     2 |       ||     2
   Fire: Sling             |       |    47 ||    47
  Throw: Boomerang         |     2 |       ||     2
    Use: Scroll            |       |    10 ||    10
         Potion            |       |     2 ||     2
 Armour: Animal skin       |    11 |       ||    11
         Ring mail         |    22 |    19 ||    41
  Dodge: Dodged            |    51 |    13 ||    64

Table legend: (Time is in decaauts)
 A = Elapsed time spent in this place.
 B = Non-inter-level travel time spent in this place.
 C = Inter-level travel time spent in this place.
 D = Time resting spent in this place.
 E = Time spent auto-exploring this place.
 F = Levels seen in this place.
 G = Mean time per level.
                   A        B        C        D        E       F      G
               +--------+--------+--------+--------+--------+-----+--------+
         Total |   2425 |   2371 |     54 |      0 |   1482 |   4 |  606.2 |
       Dungeon |   2425 |   2371 |     54 |      0 |   1482 |   4 |  606.2 |
               +--------+--------+--------+--------+--------+-----+--------+

Top non-repeatable levels by time:
     D:3: 975 daAuts
     D:2: 636 daAuts
     D:1: 621 daAuts
     D:4: 191 daAuts
